 Dungeon Crawl Stone Soup version 0.17.1-3-g152610e (webtiles) character file.

133 hannobal the Chopper (level 5, 0/49 HPs)
             Began as a Naga Wanderer on Apr 17, 2016.
             Was a Follower of Cheibriados.
             Slain by an ogre
             ... wielding a cursed -1 giant spiked club
              (20 damage)
             ... on level 3 of the Dungeon on Apr 18, 2016.
             The game lasted 00:07:46 (2683 turns).

hannobal the Chopper (Naga Wanderer)                Turns: 2683, Time: 00:07:46

Health: 0/49       AC:  4    Str: 13 (16) XL:     5   Next: 16%
Magic:  2/5        EV:  8    Int: 11      God:    Cheibriados [*.....]
Gold:   84         SH:  0    Dex: 18      Spells: 0 memorised, 4 levels left

rFire  . . .     SeeInvis +     a - +2 hand axe
rCold  . . .     Clarity  .     b - +0 ring mail
rNeg   . . .     SustAt   .     (no shield)
rPois  +         Gourm    .     (no helmet)
rElec  .         Spirit   .     (no cloak)
rCorr  .         Warding  .     (no gloves)
rMut   .         Stasis   .     (no barding)
MR     .....                    (no amulet)
Stlth  +.........               (no ring)
                                (no ring)

@: very slow, not resistant to hostile enchantments, very unstealthy
A: see invisible, deformed body, dopey 1, low mp 1, poison resistance, slowness
2, slow metabolism 1, spit poison 2, AC +1
a: Spit Poison, Bend Time, Renounce Religion


You were on level 3 of the Dungeon.
You worshipped Cheibriados.
Cheibriados was aware of your devotion.
You were hungry.

You visited 1 branch of the dungeon, and saw 3 of its levels.

You collected 84 gold pieces.

Inventory:

Hand Weapons
 a - a +2 hand axe (weapon)
 q - a +0 rapier
Missiles
 h - 55 stones (quivered)
 i - 14 poisoned arrows
 n - 52 arrows
Armour
 b - a +0 ring mail (worn)
 j - a +0 plate armour
Scrolls
 c - a scroll of teleportation
 m - a scroll of remove curse
 o - a scroll of recharging
Potions
 k - 2 potions of might
Comestibles
 d - a bread ration
 l - 2 meat rations


   Skills:
 - Level 3.0 Fighting
 + Level 4.5 Axes
   Level 1.0 Crossbows
 - Level 2.4 Armour
 - Level 1.5 Stealth
   Level 1.0 Shields
 - Level 1.3 Invocations


You had 4 spell levels left.
You didn't know any spells.

Dungeon Overview and Level Annotations

Branches:
Dungeon (3/15)

Altars:
Cheibriados
Trog


Innate Abilities, Weirdness & Mutations

You cannot wear boots.
Your serpentine skin is tough (AC +1).
You have supernaturally acute eyesight.
Armour fits poorly on your strangely shaped body.
Your system is resistant to poisons.
You cover ground very slowly.
You have a slow metabolism.
You can spit poison.
You are dopey. (Int -2)
Your magical capacity is low (-10% MP).


Message History

The ogre is heavily wounded.
The ogre hits you with a giant spiked club!!
Ouch! That really hurt!
You are too injured to fight recklessly!
You are too injured to fight recklessly!
You are too injured to fight recklessly!
You are too injured to fight recklessly!
You slash the ogre!
The ogre is severely wounded.
You have got your breath back.
The ogre completely misses you.
You barely miss the ogre.
The ogre is severely wounded.
You barely miss the ogre.
The ogre is severely wounded.
The ogre looks more healthy.
The ogre barely misses you.
You hit the ogre.
The ogre is almost dead.
The ogre hits you with a giant spiked club!!
You die...

..........
..>...>.## .#
...#...... .#
######.### .# # .#
.# # # .# ######.
(# ....... ####O#
....... #..@.#
######. #.#### #
#.# # .. #.# .
##.########
##..#####..........
#..........########
#.########.# #.#
#.#


You could see an ogre.

Vanquished Creatures
  8 adders
  An ooze (D:1)
  A worm (D:2)
  2 giant geckos
  4 giant cockroaches
  3 goblins
  4 hobgoblins
  A quokka (D:2)
  2 ball pythons
  5 bats
  2 giant newts
  11 kobolds
  16 rats
60 creatures vanquished.

Notes
Turn   | Place    | Note
--------------------------------------------------------------
     0 | D:1      | hannobal the Naga Wanderer began the quest for the Orb.
     0 | D:1      | hannobal set off with: a +2 hand axe, a +0 ring mail, a scroll of teleportation, a bread ration
     0 | D:1      | Reached XP level 1. HP: 21/21 MP: 1/1
   228 | D:1      | Reached XP level 2. HP: 18/28 MP: 2/2
   864 | D:1      | Reached XP level 3. HP: 31/34 MP: 3/3
  1333 | D:2      | Found a snail-covered altar of Cheibriados.
  1343 | D:2      | Became a worshipper of Cheibriados the Contemplative
  1547 | D:2      | Reached XP level 4. HP: 24/42 MP: 0/4
  1842 | D:2      | Reached skill level 1 in Invocations
  2079 | D:2      | Noticed a moth of wrath
  2082 | D:2      | Found a bloodstained altar of Trog.
  2089 | D:2      | Reached skill level 4 in Axes
  2371 | D:2      | Gained mutation: You are dopey. (Int -2) [potion of mutation]
  2371 | D:2      | Gained mutation: Your magical capacity is low (-10% MP). [potion of mutation]
  2383 | D:2      | Reached * piety under Cheibriados
  2495 | D:3      | Reached XP level 5. HP: 47/49 MP: 5/5
  2675 | D:3      | Noticed an ogre
  2683 | D:3      | Slain by an ogre

Action                   |  1- 3 |  4- 6 || total
-------------------------+-------+-------++-------
Melee: Hand axe          |    89 |    57 ||   146
Throw: Javelin           |     1 |     8 ||     9
       Stone             |       |    10 ||    10
Invok: Bend Time         |     1 |     3 ||     4
 Abil: Spit Poison       |       |     2 ||     2
  Use: Scroll            |     3 |     1 ||     4
       Potion            |     3 |     1 ||     4
 Stab: Sleeping          |     1 |       ||     1
  Eat: Chunk             |     1 |     3 ||     4
